 Dungeon Crawl Stone Soup version 0.22-a0-348-gd16d139 (webtiles) character file.

84 iamserjio the Skirmisher (level 4, 0/49 HPs)
             Began as an Octopode Monk on Apr 8, 2018.
             Killed from afar by Natasha (3 damage)
             ... with a magic dart
             ... on level 2 of the Dungeon.
             The game lasted 00:03:21 (1665 turns).

iamserjio the Skirmisher (Octopode Monk)            Turns: 1665, Time: 00:03:22

Health: 0/49       AC: 22    Str: 10    XL:     4   Next: 45%
Magic:  4/4        EV:  2    Int: 12    God:
Gold:   48         SH:  0    Dex: 15    Spells: 3/3 levels left

rFire    . . .     SeeInvis .   a - +0 short sword
rCold    . . .     Gourm    .   (no shield)
rNeg     + + +     Faith    .   (helmet currently unavailable)
rPois    +         Spirit   .   (no amulet)
rElec    .         Reflect  .   (no ring)
rCorr    .         Harm     .   (no ring)
MR       .....     NoTele   +   (no ring)
Stlth    ++........             (no ring)
HPRegen  0.16/turn              (no ring)
MPRegen  0.09/turn              (no ring)
                                (no ring)
                                (no ring)

@: lethally poisoned (0 -> -2), tree-form
A: almost no armour, stealthy swim, (amphibious), 8 rings, (constrict 8)
a: no special abilities


You were on level 2 of the Dungeon.
You were not hungry.
You were a tree.
You visited 1 branch of the dungeon, and saw 2 of its levels.

You collected 48 gold pieces.

Inventory:

Hand Weapons
 a - a +0 short sword (weapon)
Scrolls
 c - 2 scrolls of identify {unknown}
 d - a scroll of remove curse {unknown}
 f - 2 scrolls of teleportation {unknown}
 g - 2 scrolls of noise {unknown}
 i - a scroll of fear {unknown}
 k - a scroll of amnesia {unknown}
Potions
 h - a potion of magic {unknown}
 j - a potion of curing {unknown}
Comestibles
 b - 5 rations


   Skills:
 * Level 3.9 Fighting
 - Level 3.2 Short Blades
 * Level 3.9 Dodging
 + Level 3.5 Stealth


You had 3 spell levels left.
You didn't know any spells.

Dungeon Overview and Level Annotations

Branches:
Dungeon (2/15)

Altars:

Annotations:
D:2 Natasha


Innate Abilities, Weirdness & Mutations

You cannot wear most types of armour.
You are very stealthy in the water. (Stealth+)
((You are amphibious.))
You can wear up to eight rings at the same time.
((You can use your tentacles to constrict eight enemies at once.))
((Your skin changes colour to match your surroundings (Stealth+).))
((Your rubbery body absorbs attacks. (AC +1, EV +1)))


Message History

The bat hits you but does no damage. The adder bites you but does no damage.
The crimson imp blinks!
You closely miss the adder.
The adder is almost dead.
* * * LOW HITPOINT WARNING * * *
You feel sick.
The crimson imp disappears in a puff of smoke!
The bat hits you but does no damage. The adder bites you but does no damage.
You hit the adder.
You kill the adder!
The bat hits you but does no damage.
You hit Natasha.
Natasha is lightly wounded.
The bat hits you but does no damage. x2; Natasha claws you but does no damage.
You barely miss Natasha.
Natasha is lightly wounded.
The bat hits you but does no damage.
Natasha stares at you and mumbles some strange words.
The magic dart hits you!
You die...

#.############.###.######.#
#..............# #.##.....#
#############..###....#
#...##.#..# #.#.##.#..#
#.#.##.#..# ##########
#.#..#.#..# ....?....#
#.##.#.#..###^
.........###§.h♣......... #
............#.#.#b######..###
.......†..!.§.#..............
.....##.....#.#.#.###########
### #....<#.....#
#.....###.>.# .......# #...#
#.....$..##...#
#........##...#


You could see Natasha and a bat.

Vanquished Creatures
  Natasha (D:2)
  An adder (D:2)
  An ooze (D:2)
  A leopard gecko (D:1)
  5 giant cockroaches (D:1)
  3 goblins (D:1)
  5 hobgoblins (D:1)
  6 jackals (D:1)
  4 kobolds
  A ball python (D:1)
  7 bats
  2 frilled lizards
  5 rats
42 creatures vanquished.

Notes
Turn   | Place    | Note
-------+----------+-------------------------------------------
     0 | D:1      | iamserjio the Octopode Monk began the quest for the Orb.
     0 | D:1      | Reached XP level 1. HP: 16/16 MP: 1/1
    80 | D:1      | Reached XP level 2. HP: 21/21 MP: 2/2
   459 | D:1      | Reached XP level 3. HP: 23/26 MP: 3/3
  1501 | D:2      | Noticed Natasha
  1508 | D:2      | Killed Natasha
  1508 | D:2      | Reached XP level 4. HP: 27/33 MP: 4/4
  1637 | D:2      | Noticed Natasha
  1665 | D:2      | Killed from afar by Natasha

Vault maps used:
D:1:      dpeg_arrival_round_c, bh_walls_and_bars
D:2:      lemuel_round_altar, first_ration, uniq_jessica, uniq_natasha

Skill      XL: |  1  2 |
---------------+-------+-----
Stealth        | 3 |  3.5
Fighting       | |  3.9
Short Blades   | |  3.2
Dodging        | |  3.9

Action                   |  1- 3 |  4- 6 || total
-------------------------+-------+-------++-------
Melee: Short sword       |    77 |    22 ||    99
       Constrict         |    25 |     1 ||    26
       Tentacles         |    13 |     1 ||    14
  Use: Potion            |       |     1 ||     1
 Stab: Sleeping          |     9 |     1 ||    10
       Distracted        |       |     1 ||     1
  Eat: Chunk             |       |     2 ||     2
Armor: Skin              |    12 |    29 ||    41
Dodge: Dodged            |    64 |    16 ||    80

Table legend:
 A = Spawn XP
 B = Non-spawn XP
 C = Spawn XP percentage of total XP
 D = Spawn monster count
 E = Non-spawn monster count
 F = Spawn count percentage of total count
 G = Total turns spent on level
                    A         B        C        D         E        F      G
               +---------+---------+-------+---------+---------+-------+---------
         Total |       0 |     120 |   0.0 |       0 |      42 |   0.0 |  1665
               +---------+---------+-------+---------+---------+-------+---------
           D:1 |       0 |      59 |   0.0 |       0 |      34 |   0.0 |  1480
           D:2 |       0 |      61 |   0.0 |       0 |       8 |   0.0 |   185
               +---------+---------+-------+---------+---------+-------+---------
